 Dungeon Crawl Stone Soup version 0.22.1 (webtiles) character file.

136860 dohliylev the Imperceptible (level 16, 0/117 HPs)
             Began as a Vampire Enchanter on Sept 18, 2018.
             Was the Champion of Makhleb.
             Slain by a shock serpent (11 damage)
             ... on level 1 of the Snake Pit.
             The game lasted 02:34:45 (23625 turns).

dohliylev the Imperceptible (Vampire Enchanter)    Turns: 23625, Time: 02:34:47

Health: 0/117      AC:  8    Str:  7    XL:     16   Next: 37%
Magic:  30/30      EV: 29    Int: 24    God:    Makhleb [******]
Gold:   1532       SH:  8    Dex: 25    Spells: 24/35 levels left

rFire    . . .     SeeInvis +   t - +10 short sword of Circular Logic {pierce, Dex+2}
rCold    . . .     Gourm    .   a - +2 buckler
rNeg     . . .     Faith    .   b - +1 robe of the Elven Halls {*Corrode Regen+ Dex+8 Slay+6}
rPois    +         Spirit   .   (helmet restricted)
rElec    .         Reflect  .   P - +1 cloak {+Inv}
rCorr    .         Harm     .   G - +0 pair of gloves
MR       +....                  W - +1 pair of boots
Stlth    ++++++++..             e - amulet of magic regeneration
HPRegen  0.89/turn              k - +3 ring of slaying
MPRegen  0.47/turn              S - ring of the Scarab {Wiz +Fly rPois Slay+4 Stlth-}

@: regenerating quickly
A: fangs 3, horns 1, see invisible, unbreathing
}: 1/15 runes: barnacled
a: Minor Destruction, Lesser Servant of Makhleb, Major Destruction, Greater
Servant of Makhleb, Renounce Religion, Evoke Invisibility, Evoke Flight


You were on level 1 of the Snake Pit.
You worshipped Makhleb.
Makhleb was exalted by your worship.
You were almost alive.

You visited 7 branches of the dungeon, and saw 27 of its levels.

You collected 2798 gold pieces.
You spent 1266 gold pieces at shops.

Inventory:

Hand Weapons
 t - the +10 short sword of Circular Logic (weapon) {pierce, Dex+2}
   (You found it on level 5 of the Dungeon)

   It inflicts extra damage upon your enemies.
   It affects your dexterity (+2).
 v - the +1 falchion "Qeiteapn" {venom, -Tele Int+2 Stlth+}
   (You found it on level 5 of the Lair of Beasts)

   It poisons the flesh of those it strikes.
   It affects your intelligence (+2).
   It prevents most forms of teleportation.
   It makes you more stealthy.
Armour
 a - a +2 buckler (worn)
 b - the +1 robe of the Elven Halls (worn) {*Corrode Regen+ Dex+8 Slay+6}
   (You found it on level 5 of the Dungeon)

   It affects your dexterity (+8).
   It affects your accuracy and damage with ranged weapons and melee attacks
   (+6).
   It increases your rate of regeneration.
   It may corrode you when you take damage.
 G - a +0 pair of gloves (worn)
 P - a +1 cloak of invisibility (worn)
 V - a +1 helmet
 W - a +1 pair of boots (worn)
 Y - a +0 robe of resistance
Jewellery
 e - an amulet of magic regeneration (around neck)
 k - a +3 ring of slaying (left hand)
 x - an uncursed ring of protection from magic
 S - the ring of the Scarab (right hand) {Wiz +Fly rPois Slay+4 Stlth-}
   (You bought it in a shop on level 2 of the Shoals)

   [ring of wizardry]

   It improves your spell success rate.
   It affects your accuracy and damage with ranged weapons and melee attacks
   (+4).
   It protects you from poison.
   It lets you fly.
   It makes you less stealthy.
Wands
 i - a wand of iceblast (15)
 y - a wand of flame (112)
 B - a wand of digging (31)
 C - a wand of disintegration (38)
 H - a wand of polymorph (29)
 N - a wand of enslavement (16)
 O - a wand of acid (31)
 R - a wand of paralysis (9)
Scrolls
 c - a scroll of brand weapon
 d - 4 scrolls of teleportation
 h - 12 scrolls of remove curse
 q - 3 scrolls of blinking
 s - 5 scrolls of amnesia
 u - 5 scrolls of magic mapping
 w - 4 scrolls of enchant weapon
 I - 4 scrolls of fear
 J - a scroll of summoning
 K - 4 scrolls of fog
 L - 4 scrolls of enchant armour
Potions
 f - 7 potions of curing
 g - 3 potions of ambrosia
 j - 2 potions of resistance
 l - 4 potions of flight
 m - 4 potions of might
 n - 45 potions of blood
 o - a potion of agility {unknown}
 p - 3 potions of heal wounds
 r - a potion of magic {unknown}
 z - 2 potions of brilliance {unknown}
 E - 2 potions of berserk rage
 M - a potion of haste {unknown}
Miscellaneous
 A - a fan of gales
 D - a lamp of fire
 Q - a crystal ball of energy
 T - a lightning rod (4/4)


   Skills:
 - Level 8.0 Fighting
 - Level 12.0 Short Blades
 + Level 15.9 Dodging
 - Level 22.0 Stealth
 - Level 4.0 Shields
 - Level 10.0 Spellcasting
 - Level 8.0 Hexes
 - Level 1.1 Charms
 - Level 0.5 Ice Magic
 - Level 1.0 Air Magic
 + Level 8.9 Invocations


You had 24 spell levels left.
You knew the following spells:

 Your Spells              Type           Power        Failure   Level  Hunger
a - Corona                Hex            ######.      1%          1    None
b - Ensorcelled Hibernat  Hex/Ice        ####..       1%          2    None
c - Confuse               Hex            ######..     1%          3    None
d - Tukima's Dance        Hex            ######..     1%          3    None
e - Swiftness             Chrm/Air       ###.....     2%          2    None

Your spell library contained the following spells:

 Spells                   Type           Power        Failure   Level  Hunger
 Confusing Touch          Hex            ######       1%          1    None
 Shock                    Conj/Air       ##..         1%          1    None
 Dazzling Spray           Conj/Hex       ####..       1%          3    None
 Inner Flame              Hex/Fire       ####....     1%          3    None
 Beastly Appendage        Tmut           ##....       2%          1    None
 Flame Tongue             Conj/Fire      ##...        2%          1    None
 Magic Dart               Conj           ##..         2%          1    None
 Summon Butterflies       Summ           ##......     2%          1    None
 Searing Ray              Conj           ##....       3%          2    None
 Sticks to Snakes         Tmut           ##......     3%          2    None
 Throw Flame              Conj/Fire      ##....       3%          2    None
 Fulminant Prism          Conj/Hex       ####......   4%          4    #......
 Static Discharge         Conj/Air       ##......     5%          3    None
 Call Canine Familiar     Summ           ##......     6%          3    None
 Conjure Flame            Conj/Fire      ##......     6%          3    None
 Gell's Gravitas          Tloc           ##........   6%          3    None
 Spider Form              Tmut/Pois      ##........   6%          3    None
 Metabolic Englaciation   Hex/Ice        ####......   11%         5    ####...
 Summon Mana Viper        Hex/Summ       ####....     12%         5    ####...
 Yara's Violent Unravell  Hex/Tmut       ####......   12%         5    ####...
 Airstrike                Air            ###.......   14%         4    #......
 Ice Form                 Ice/Tmut       ##......     19%         4    #......
 Summon Ice Beast         Ice/Summ       ##......     19%         4    #......
 Force Lance              Conj/Tloc      ##......     21%         4    #......
 Iskenderun's Mystic Bla  Conj           ##......     21%         4    #......
 Petrify                  Tmut/Erth      ##......     21%         4    #......
 Sticky Flame             Conj/Fire      ##......     21%         4    #......
 Lightning Bolt           Conj/Air       ##........   41%         5    ####...
 Blade Hands              Tmut           ##........   47%         5    ####...
 Fireball                 Conj/Fire      ##........   47%         5    ####...
 Summon Hydra             Summ           ##........   100%        7    #######


Dungeon Overview and Level Annotations

Branches:
Dungeon (12/15)            Temple (1/1) D:6            Lair (6/6) D:10
 Shoals (4/4) Lair:3        Snake (1/4) Lair:4        Slime (1/5) Lair:5
    Orc (2/2) D:12            Elf (0/3) Orc:2

Altars:
Ashenzari
Cheibriados
Dithmenos
Elyvilon
Fedhas
Gozag
Hepliaklqana
Kikubaaqudgha
Makhleb
Nemelex Xobeh
Okawaru
Qazlal
Ru
Sif Muna
Trog
Uskayaw
Vehumet
Wu Jian
Xom
Yredelemnul
Zin
The Shining One
Beogh
Jiyva

Shops:
D:4 =   D:6 [   D:8 ?   D:9 *   Orc:1 %   Orc:2 !(}%   Shoals:2 =

Portals:
Trove: D:10 (give 22 scrolls of identify)

Annotations:
D:5 ichi404's ghost, amateur SpAs
Shoals:1 Fustaq's ghost, adept DDGl


Innate Abilities, Weirdness & Mutations

Your natural rate of healing is unusually fast.
You have razor-sharp teeth.
You have supernaturally acute eyesight. (SInv)
You can survive without breathing.
You have a pair of small horns on your head.


Message History

You block the shock serpent's attack.
The shock serpent shoots out a bolt of lightning at you!
The bolt of electricity hits the shock serpent.
The shock serpent completely resists.
The bolt of electricity misses you.
The shock serpent shoots out a bolt of lightning at you!
The bolt of electricity hits you!
You closely miss the shock serpent. You block the shock serpent's attack.
You barely miss the shock serpent.
The shock serpent shoots out a bolt of lightning at you!
The bolt of electricity hits the shock serpent.
The shock serpent completely resists.
The bolt of electricity hits you!
* * * LOW HITPOINT WARNING * * *
You impale the shock serpent!! Your bite misses the shock serpent.
The shock serpent is heavily wounded.
The shock serpent's electric aura discharges violently, shocking you!
* * * LOW HITPOINT WARNING * * *
The shock serpent bites you!
* * * LOW HITPOINT WARNING * * *
The shock serpent shocks you!
You die...

#.# #.# #.# ## #### #.#
.(. ... ..# .... #.#
#.#
#.#.##.########!#######
#.......)....@SS..%....
#...##.########.#######
. #...##'### #.#
..##........# #.#
............### #..
.##.>..............
#........######...
#........# #...
#........##


You could see 2 shock serpents.

Vanquished Creatures
  The ghost of Ywo Ycaem the Phalangite, an adept MfGl of Trog (Shoals:1)
  The ghost of Ywo Ycaem the Phalangite, an adept MfGl of Trog (Shoals:1)
  Polyphemus (Shoals:4)
  Nessos (Lair:5)
  2 merfolk javelineers (Shoals:4)
  8 merfolk impalers
  3 hydras
  4 catoblepae
  2 alligator snapping turtles (Shoals:3)
  A merfolk aquamancer (Shoals:4)
  2 satyrs (Shoals:2)
  An anaconda (Snake:1)
  11 death yaks
  4 merfolk avatars
  2 two-headed ogres
  5 orc high priests (Orc:2)
  Urug (D:10)
  A shock serpent (Snake:1)
  Nergalle (Lair:4)
  15 sea snakes
  An unseen horror (D:10)
  8 harpies
  7 orc knights
  A mana viper (Snake:1)
  An oklob plant (Lair:4)
  An orc sorcerer (Orc:2)
  4 cyclopes
  14 manticores
  3 fauns (Shoals:2)
  2 ugly things
  A salamander (Snake:1)
  2 black mambas
  10 merfolk sirens
  5 elephants (Lair:5)
  8 water nymphs
  A naga mage (Snake:1)
  A torpor snail (Lair:2)
  2 rime drakes
  A centaur zombie (D:12)
  10 spiny frogs
  A centaur skeleton (D:11)
  A kobold demonologist (D:11)
  7 komodo dragons
  8 wind drakes
  23 merfolk
  6 trolls
  A polar bear (Lair:6)
  11 hippogriffs
  3 slime creatures
  3 hornets
  31 blink frogs
  17 dream sheep
  8 snapping turtles
  3 wyverns
  54 yaks
  10 water elementals
  A basilisk (Lair:2)
  2 hungry ghosts
  Edmund (D:6)
  8 water moccasins
  3 wargs
  5 nagas
  10 porcupines
  2 sky beasts
  4 black bears
  44 orc warriors
  3 necrophages
  A hornet zombie (D:6)
  6 ice beasts
  2 phantoms (D:9)
  6 ogres
  13 wolves
  3 centaurs
  10 crocodiles
  3 big kobolds
  18 bullfrogs
  4 scorpions
  12 killer bees
  8 wights (D:6)
  3 electric eels
  A howler monkey (D:4)
  8 crimson imps
  5 jellies
  3 bullfrog skeletons
  A bullfrog zombie (D:10)
  38 orc priests
  4 hounds
  17 orc wizards
  2 iguanas
  9 worker ants
  5 hell rats (Lair:4)
  A hound skeleton (D:6)
  8 gnolls
  A howler monkey skeleton (D:4)
  10 adders
  A river rat (Lair:1)
  2 shadow imps
  An adder zombie (D:6)
  An adder skeleton (D:5)
  4 worms
  2 dart slugs
  2 leopard geckos
  117 orcs
  2 giant cockroaches
  5 goblins
  10 hobgoblins
  3 jackals (D:6)
  26 kobolds
  5 quokkas
  3 ball pythons
  3 bats
  4 frilled lizards
  A leopard gecko zombie (D:6)
  8 rats
  4 plants
826 creatures vanquished.

Vanquished Creatures (collateral kills)
  A merfolk avatar (Shoals:1)
  A catoblepas (Lair:6)
  A death yak (Shoals:4)
  A manticore (Lair:6)
  A merfolk (Shoals:4)
  A plant (Shoals:1)
6 creatures vanquished.

Vanquished Creatures (others)
  7 fungi
  9 plants
  2 withered plants (Shoals:1)
18 creatures vanquished.

Grand Total: 850 creatures vanquished

Notes
Turn   | Place    | Note
-------+----------+-------------------------------------------
     0 | D:1      | dohliylev the Vampire Enchanter began the quest for the
                  | Orb.
     0 | D:1      | Reached XP level 1. HP: 13/13 MP: 3/3
   624 | D:1      | Reached XP level 2. HP: 19/19 MP: 5/5
   656 | D:1      | Reached skill level 5 in Stealth
   663 | D:1      | Learned a level 2 spell: Ensorcelled Hibernation
   860 | D:2      | Reached skill level 5 in Hexes
   920 | D:2      | Reached XP level 3. HP: 12/24 MP: 2/6
  1240 | D:2      | Reached skill level 6 in Stealth
  1273 | D:2      | Reached XP level 4. HP: 30/30 MP: 1/7
  1836 | D:3      | Found a white marble altar of Elyvilon.
  1863 | D:3      | Reached skill level 7 in Stealth
  1884 | D:3      | Reached XP level 5. HP: 35/35 MP: 9/9
  2720 | D:4      | Reached skill level 8 in Stealth
  2785 | D:4      | Learned a level 3 spell: Confuse
  2857 | D:4      | Reached XP level 6. HP: 22/41 MP: 1/10
  3063 | D:4      | Found Ykid's Jewellery Emporium.
  3313 | D:5      | Entered Level 5 of the Dungeon
  3350 | D:5      | Noticed an ice beast
  3369 | D:5      | Killed an ice beast
  3393 | D:5      | Got a dull robe
  3415 | D:5      | Identified the +1 robe of the Elven Halls {*Corrode Regen+
                  | Dex+8 Slay+6} (You found it on level 5 of the Dungeon)
  3469 | D:5      | Reached XP level 7. HP: 42/46 MP: 2/13
  3478 | D:5      | Got a fine short sword
  3485 | D:5      | Identified the +10 short sword of Circular Logic {pierce,
                  | Dex+2} (You found it on level 5 of the Dungeon)
  3503 | D:5      | Found a runed gate.
  3505 | D:5      | Found a runed gate.
  3505 | D:5      | Found a runed gate.
  3505 | D:5      | Noticed ichi404's ghost (amateur SpAs)
  3554 | D:5      | Reached skill level 5 in Spellcasting
  3562 | D:5      | Reached skill level 5 in Dodging
  3943 | D:6      | Reached XP level 8. HP: 51/51 MP: 15/15
  4011 | D:6      | Found a staircase to the Ecumenical Temple.
  4014 | D:6      | Found a blossoming altar of Fedhas.
  4029 | Temple   | Entered the Ecumenical Temple
  4181 | Temple   | Became a worshipper of Makhleb the Destroyer
  4349 | D:6      | Noticed Edmund
  4353 | D:6      | Killed Edmund
  4509 | D:6      | Reached skill level 5 in Short Blades
  4805 | D:6      | Reached XP level 9. HP: 51/56 MP: 13/16
  4845 | D:6      | Reached * piety under Makhleb
  5240 | D:6      | Found a shadowy altar of Dithmenos.
  5272 | D:6      | Found Ujebbie's Antique Armour Emporium.
  5281 | D:6      | Bought a runed buckler for 210 gold pieces
  5509 | D:7      | Reached skill level 10 in Dodging
  5577 | D:7      | Reached skill level 1 in Shields
  5584 | D:7      | Reached ** piety under Makhleb
  5683 | D:7      | You fall through a shaft!
  6004 | D:7      | Found a hazy altar of Hepliaklqana.
  6377 | D:8      | Noticed a six-headed hydra
  6389 | D:8      | Killed a six-headed hydra
  6389 | D:8      | Reached XP level 10. HP: 52/62 MP: 7/17
  6560 | D:8      | Found Gewnoh's Magic Scroll Shop.
  6562 | D:8      | Noticed a two-headed ogre
  6566 | D:8      | Killed a two-headed ogre
  7019 | D:8      | Found an iron altar of Okawaru.
  7097 | D:8      | Found a deep blue altar of Sif Muna.
  7420 | D:9      | Reached skill level 1 in Invocations
  7525 | D:9      | Found Vicom's Assorted Antiques.
  7551 | D:9      | Reached *** piety under Makhleb
  7705 | D:9      | Reached skill level 9 in Stealth
  7716 | D:9      | Got a faintly glowing falchion
  7717 | D:9      | Found a bloodstained altar of Trog.
  7754 | D:9      | Identified the +6 falchion "Taffuipp" {freeze, rPois} (You
                  | found it on level 9 of the Dungeon)
  7960 | D:9      | Reached skill level 1 in Fighting
  8219 | D:10     | Entered Level 10 of the Dungeon
  8253 | D:10     | Paralysed by a hornet for 1 turns
  8298 | D:10     | Reached skill level 10 in Stealth
  8447 | D:10     | Found a portal to a secret trove of treasure.
  8476 | D:10     | Found a staircase to the Lair.
  8596 | D:10     | Noticed an unseen horror
  8627 | D:10     | Killed an unseen horror
  8627 | D:10     | Reached XP level 11. HP: 64/71 MP: 14/18
  8648 | D:10     | Noticed a purple ugly thing
  8653 | D:10     | Noticed Urug
  8659 | D:10     | Killed a purple ugly thing
  8659 | D:10     | Reached skill level 11 in Stealth
  8668 | D:10     | Killed Urug
  8668 | D:10     | Reached **** piety under Makhleb
  8973 | Lair:1   | Entered Level 1 of the Lair of Beasts
  9134 | Lair:1   | Reached skill level 12 in Stealth
  9187 | Lair:1   | Reached skill level 5 in Invocations
  9854 | Lair:2   | Reached skill level 5 in Fighting
 10045 | Lair:2   | Reached skill level 10 in Short Blades
 10150 | Lair:2   | Noticed a catoblepas
 10168 | Lair:2   | Killed a catoblepas
 10256 | Lair:2   | Reached XP level 12. HP: 63/85 MP: 19/19
 10558 | Lair:3   | Reached ***** piety under Makhleb
 10947 | Lair:3   | Found a staircase to the Shoals.
 11556 | Lair:4   | Found a staircase to the Snake Pit.
 11607 | Lair:4   | Noticed a seven-headed hydra
 11739 | Lair:4   | Noticed Nergalle
 11744 | Lair:4   | Killed a seven-headed hydra
 11752 | Lair:4   | Killed Nergalle
 11937 | Lair:4   | Noticed a five-headed hydra
 11944 | Lair:4   | Killed a five-headed hydra
 11953 | Lair:4   | Found a sacrificial altar of Ru.
 12464 | Lair:4   | Gained mutation: You occasionally shout uncontrollably at
                  | your foes. [potion of mutation]
 12464 | Lair:4   | Gained mutation: You have large cloven feet. [potion of
                  | mutation]
 12465 | Lair:4   | Lost mutation: You have large cloven feet. [potion of
                  | mutation]
 12465 | Lair:4   | Lost mutation: You occasionally shout uncontrollably at
                  | your foes. [potion of mutation]
 12465 | Lair:4   | Gained mutation: You have a pair of small horns on your
                  | head. [potion of mutation]
 12564 | Lair:5   | Reached XP level 13. HP: 97/97 MP: 22/22
 12592 | Lair:5   | Noticed Nessos
 12597 | Lair:5   | Killed Nessos
 12693 | Lair:5   | Reached skill level 13 in Stealth
 12810 | Lair:5   | Found a viscous altar of Jiyva.
 12811 | Lair:5   | Found a staircase to the Slime Pits.
 13047 | Lair:5   | Got a translucent falchion
 13048 | Lair:5   | Identified the +1 falchion "Qeiteapn" {venom, -Tele Int+2
                  | Stlth+} (You found it on level 5 of the Lair of Beasts)
 13448 | Lair:6   | Entered Level 6 of the Lair of Beasts
 13484 | Lair:6   | Reached skill level 14 in Stealth
 13640 | Lair:6   | Reached skill level 15 in Stealth
 13779 | Lair:6   | Reached ****** piety under Makhleb
 13789 | Lair:6   | Reached skill level 16 in Stealth
 14211 | Lair:6   | Reached XP level 14. HP: 104/104 MP: 22/25
 14534 | Lair:6   | Reached skill level 17 in Stealth
 15160 | D:5      | Noticed an Executioner
 15555 | D:11     | Found a stormy altar of Qazlal.
 15753 | D:11     | Found a bloodstained altar of Trog.
 16667 | D:12     | Found a staircase to the Orcish Mines.
 16873 | Orc:1    | Entered Level 1 of the Orcish Mines
 16873 | Orc:1    | Found a roughly hewn altar of Beogh.
 17149 | Orc:1    | Reached skill level 18 in Stealth
 17291 | Orc:1    | Found Faipnomp's Food Shoppe.
 17665 | Orc:2    | Entered Level 2 of the Orcish Mines
 17835 | Orc:2    | Found a staircase to the Elven Halls.
 18651 | Orc:2    | Reached skill level 15 in Dodging
 18802 | Orc:2    | Found Icsexuw's Weapon Emporium.
 18805 | Orc:2    | Found Utem Yqi's Gadget Shoppe.
 18806 | Orc:2    | Found Ynkoh's Distillery.
 18807 | Orc:2    | Found Iphoskem's Food Emporium.
 19090 | Snake:1  | Entered Level 1 of the Snake Pit
 19155 | Shoals:1 | Entered Level 1 of the Shoals
 19235 | Shoals:1 | Learned a level 3 spell: Tukima's Dance
 19238 | Shoals:1 | Learned a level 2 spell: Swiftness
 19599 | Shoals:1 | Reached skill level 1 in Charms
 19599 | Shoals:1 | Reached skill level 1 in Air Magic
 19621 | Shoals:1 | Reached XP level 15. HP: 109/109 MP: 22/27
 19692 | Shoals:1 | Found a runed door.
 19841 | Shoals:1 | Got a brightly glowing battleaxe
 20012 | Shoals:1 | Found a runed gate.
 20012 | Shoals:1 | Found a runed gate.
 20012 | Shoals:1 | Found a runed gate.
 20012 | Shoals:1 | Noticed Fustaq's ghost (adept DDGl)
 20013 | Shoals:1 | Noticed Ywo Ycaem's ghost (adept MfGl)
 20013 | Shoals:1 | Noticed Ywo Ycaem's ghost (adept MfGl)
 20401 | Shoals:1 | Killed Ywo Ycaem's ghost
 20556 | Shoals:2 | Reached skill level 10 in Spellcasting
 20814 | Shoals:2 | Found Exteg's Jewellery Shop.
 20852 | Shoals:2 | Reached skill level 19 in Stealth
 20873 | Shoals:2 | Bought the ring of the Scarab {Wiz +Fly rPois Slay+4
                  | Stlth-} for 1056 gold pieces
 21306 | Shoals:3 | Reached skill level 20 in Stealth
 21641 | Shoals:3 | HP: 1/109 [alligator snapping turtle (43)]
 21642 | Shoals:3 | Reached skill level 21 in Stealth
 21969 | Shoals:4 | Entered Level 4 of the Shoals
 22279 | Shoals:4 | Reached XP level 16. HP: 102/117 MP: 28/30
 22380 | Shoals:4 | Reached skill level 22 in Stealth
 22602 | Shoals:4 | Noticed Polyphemus
 22616 | Shoals:4 | Killed Polyphemus
 22864 | Shoals:4 | Got a barnacled rune of Zot
 23067 | Shoals:1 | Killed Ywo Ycaem's ghost
 23251 | Slime:1  | Entered Level 1 of the Pits of Slime
 23251 | Slime:1  | Noticed an acid blob
 23625 | Snake:1  | Slain by a shock serpent

Skill      XL: |  1  2  3  4  5  6  7  8  9 10 11 12 13 14 15 16 |
---------------+-------------------------------------------------+-----
Stealth        | 5 6 7 8 10 12 16 18 21 22 | 22.0
Hexes          | 5 7 8 |  8.0
Spellcasting   | 3 4 5 6 7 8 10 | 10.0
Dodging        | 4 6 8 11 12 13 15 | 15.9
Short Blades   | 6 8 10 12 | 12.0
Shields        | 1 4 |  4.0
Invocations    | 4 5 8 |  8.9
Fighting       | 1 5 8 |  8.0
Charms         | 1 |  1.1
Air Magic      | 1 |  1.0
Ice Magic      | |  0.5

Action                   |  1- 3 |  4- 6 |  7- 9 | 10-12 | 13-15 | 16-18 || total
-------------------------+-------+-------+-------+-------+-------+-------++-------
Melee: Dagger            |    69 |   141 |       |       |       |       ||   210
       Bite              |     7 |     8 |    21 |    38 |   182 |    20 ||   276
       Short sword       |       |       |   183 |   436 |  1324 |   197 ||  2140
       Headbutt          |       |       |       |     2 |   300 |    56 ||   358
 Cast: Corona            |     2 |     1 |       |       |       |       ||     3
       Ensorcelled Hiber |    19 |    31 |     5 |    65 |    44 |     6 ||   170
       Confuse           |       |     2 |     3 |    10 |    13 |     1 ||    29
       Swiftness         |       |       |       |       |     2 |       ||     2
Invok: Lesser Servant of |       |       |       |     3 |    14 |     3 ||    20
       Minor Destruction |       |       |       |     2 |    37 |     2 ||    41
       Greater Servant o |       |       |       |       |     2 |     1 ||     3
 Abil: Evoke Flight      |       |       |       |       |     1 |       ||     1
  Use: Potion            |     1 |     3 |       |     2 |     8 |     3 ||    17
       Scroll            |       |     5 |       |    19 |    13 |     1 ||    38
 Stab: Sleeping          |    14 |    19 |    20 |    49 |    57 |     2 ||   161
       Distracted        |       |     1 |     1 |     4 |     6 |     2 ||    14
       Confused          |       |     2 |     1 |     1 |     2 |       ||     6
       Petrified         |       |       |       |       |     1 |       ||     1
  Eat: Corpse            |    10 |     9 |    12 |    27 |    38 |     4 ||   100
Armor: Robe              |     9 |    14 |    10 |    24 |    48 |     5 ||   110
Dodge: Dodged            |    34 |    91 |    99 |   264 |   693 |   112 ||  1293
Block: Buckler           |       |       |    18 |   102 |   326 |    50 ||   496
